 Dungeon Sprint DCSS version 0.26-a0-661-g406de6ba63 (webtiles) character file.

Game seed: 4295203996044163380

25407 sahdkjhfkaj the Fencer (level 12, -3/126 HPs)
             Began as a Deep Dwarf Monk on Oct 8, 2020.
             Killed by divine providence
             ... invoked by a mummy priest
              (9 damage)
             ... in the Dungeon (Sprint V: "Ziggurat Sprint").
             The game lasted 00:05:14 (1744 turns).

sahdkjhfkaj the Fencer (Deep Dwarf Monk)            Turns: 1744, Time: 00:05:15

Health: -3/126     AC: 36    Str: 33    XL:     12   Next: 89%
Magic:  28/28 (18) EV: 13    Int: 18    God:
Gold:   0          SH: 33    Dex: 15    Spells: 11/11 levels left

rFire    . . .     SeeInvis .   b - +7 Screaming Sword {vorpal, sonic wave}
rCold    . . .     Faith    .   G - +18 shield of the Gong {rElec rN+ MR+ EV-5}
rNeg     + . .     Spirit   .   F - +15 Maxwell's patent armour {-Cast -Tele rElec MR+ rCorr}
rPois    .         Reflect  .   I - +3 hat of Pondering {ponderous, MR+ MP+10 Int+5}
rElec    +         Harm     .   (no cloak)
rCorr    +         Rampage  .   H - +0 pair of gloves {Str+3}
MR       ++++.     NoTele   +   (no boots) Stlth ..........NoCast +
                                (no amulet)
HPRegen  0.00/turn              z - +6 ring of strength
MPRegen  0.21/turn              A - +6 ring of strength

@: non-regenerating, studying Long Blades, slow
A: damage resistance, heal wounds, sense surroundings 2, no regeneration
a: Heal Wounds


You were in the Dungeon.
You visited 1 branch

Inventory:

Hand Weapons
 b - the +7 Screaming Sword (weapon) {vorpal, sonic wave}
   (You found it in the Dungeon)

   It inflicts extra damage upon your enemies.
Armour
 F - the +15 Maxwell's patent armour (worn) {-Cast -Tele rElec MR+ rCorr}
   (You found it in the Dungeon)

   It insulates you from electricity.
   It affects your resistance to hostile enchantments.
   It prevents spellcasting.
   It prevents most forms of teleportation.
   It provides partial protection from all sources of acid and corrosion.
 G - the +18 shield of the Gong (worn) {rElec rN+ MR+ EV-5}
   (You found it in the Dungeon)

   It affects your evasion (-5).
   It insulates you from electricity.
   It protects you from negative energy.
   It affects your resistance to hostile enchantments.
 H - a +0 pair of gloves of strength (worn)
 I - the +3 hat of Pondering (worn) {ponderous, MR+ MP+10 Int+5}
   (You found it in the Dungeon)

   It affects your intelligence (+5).
   It affects your resistance to hostile enchantments.
   It affects your magic capacity (+10).
Jewellery
 u - an uncursed ring of flight
 v - a +6 ring of dexterity
 w - a +6 ring of dexterity
 x - a +6 ring of intelligence
 y - a +6 ring of intelligence
 z - a +6 ring of strength (left hand)
 A - a +6 ring of strength (right hand)
Wands
 a - a wand of polymorph (8)
 B - a wand of disintegration (7)
 C - a wand of iceblast (7)
 D - a wand of acid (7)
Scrolls
 h - 4 scrolls of blinking
 o - 4 scrolls of amnesia
 p - 7 scrolls of fog
 q - a scroll of holy word
 r - 5 scrolls of identify
 s - 5 scrolls of remove curse
 t - 2 scrolls of fear
Potions
 c - 10 potions of curing
 d - 9 potions of heal wounds
 e - 6 potions of haste
 f - 8 potions of magic
 g - 3 potions of berserk rage
 i - 2 potions of brilliance
 j - 2 potions of invisibility
 k - 4 potions of resistance
 l - a potion of experience
 m - 5 potions of stabbing
 n - 5 potions of might
Books
 J - a manual of Long Blades
Miscellaneous
 E - a lightning rod (4/4)


   Skills:
 + Level 13.3 Fighting
 + Level 16.0 Long Blades
 + Level 15.1 Armour
 + Level 15.4 Dodging
 - Level 2.4 Stealth
 - Level 15.0 Shields
   Level 13.5 Invocations


You had 11 spell levels left.
You didn't know any spells.
Your spell library was empty.

Dungeon Overview and Level Annotations

Branches:
Dungeon (1/1)

Altars:
Ashenzari
Cheibriados
Dithmenos
Elyvilon
Fedhas
Gozag
Hepliaklqana
Kikubaaqudgha
Makhleb
Nemelex Xobeh
Okawaru
Qazlal
Ru
Sif Muna
Trog
Uskayaw
Vehumet
Wu Jian
Xom
Yredelemnul
Zin
The Shining One
Beogh
Jiyva
Lugonu

Annotations:
D 1 transporter


Innate Abilities, Weirdness & Mutations

You are resistant to damage.
You can heal yourself by infusing magical energy.
You passively map the area around you.
You do not regenerate.


Message History

Unknown command.
Unknown command.
Unknown command.
Unknown command.
Unknown command.
Unknown command.
Unknown command.
You escape the ball python skeleton's grasp.
You block the sixfirhy's attack.
GONNNNG!
You block the sixfirhy's attack.
GONNNNG!
The sixfirhy hits you.
* * * LOW HITPOINT WARNING * * *
The sixfirhy shocks you. You resist.
* * * LOW HITPOINT WARNING * * *
The neqoxec closely misses you.
You riposte.
You barely miss the neqoxec.
The mummy priest mumbles some strange prayers to its god against you.
Something smites you!
You die...

** *
▓▓▓▓▓▓▓▓▓▓▓▓*▓▓▓▓▓▓▓▓
8,,
▓....8©8....▓▓.8©8.▓.
,
▓..=M|:|=:..▓▓.}|:.▓.
,
▓..MMMMMZ)..▓▓..)..▓.
,
▓...sZs.8°..▓▓.)...▓.
, ,
▓...4MMMMS..▓▓..)).▓.
,, ,,,
▓..M3M.z°S..▓▓.....▓.
,,
,▓..☼3Z4.°...▓▓..©..▓.
, , ,
▓.§▓@3°..▓..▓▓▓▓▓▓▓▓▓
, * ▓. ▓▓○..▓▓
▓..8©8... * , *
,▓..▓☼°...▓..▓..).)...
, , ,
▓.....©.....▓...:....
,
▓▓▓▓▓▓▓▓▓▓▓▓▓........
, ,
▓....8©8....▓..†.....
** * **
▓..}[)?=:}..▓.▓....▓.
8©8
,▓...):.=[)..▓...©....
, ,
▓...........▓▓▓▓▓▓▓▓▓


You could see 3 greater mummies, 2 emperor scorpions, a mummy priest, a soul
eater (summoned), an orange demon (summoned), 2 mana vipers, a hellwing
(summoned), a guardian mummy, an ushabti, a spectral giant cockroach (summoned),
a sixfirhy (summoned), a neqoxec (summoned), a flying skull (summoned), 7
mummies, a giant cockroach simulacrum (summoned) and a ball python skeleton.

Vanquished Creatures
  A pearl dragon (D)
  An iron giant (D)
  2 deep elf blademasters (D)
  A deep elf master archer (D)
  A daeva (D)
  A deep elf sorcerer (D)
  An ophan (D)
  A deep elf high priest (D)
  4 dancing weapons (D)
  5 soul eaters (D)
  A deep elf archer (D)
  2 ugly things (D)
  5 deep elf magi (D)
  3 toenail golems (D)
  A rust devil (D)
  2 tormentors (D)
  A flying skull (D)
  Sigmund (D)
  A shadow (D)
  4 air elementals (D)
  2 spriggans (D)
  2 wraiths (D)
  A fire bat (shapeshifter) (D)
  A soldier ant (shapeshifter) (D)
  A hell hound (D)
  A water moccasin (shapeshifter) (D)
  4 black bears (D)
  5 phantoms (D)
  2 necrophages (D)
  3 wolves (D)
  Blork the orc (D)
  3 earth elementals (D)
  4 wights (D)
  An iron imp (D)
  Jessica (D)
  2 shadow imps (D)
  2 adder zombies (D)
  2 adder skeletons (D)
  A worm (shapeshifter) (D)
  2 spectral bats (D)
  A bat skeleton (D)
  A bat zombie (D)
  2 giant cockroach zombies (D)
  A jackal zombie (D)
  2 leopard gecko zombies (D)
  A quokka zombie (D)
  A spectral giant cockroach (D)
89 creatures vanquished.

Vanquished Creatures (others)
  A wind drake (D)
  2 insubstantial wisps (D)
3 creatures vanquished.

Grand Total: 92 creatures vanquished

Notes
Turn   | Place    | Note
-------+----------+-------------------------------------------
     0 | D        | sahdkjhfkaj the Deep Dwarf Monk began the quest for the
                  | Orb.
     0 | D        | Reached XP level 1. HP: 20/20 MP: 1/1
     0 | D        | Found a shimmering blue altar of Sif Muna.
     0 | D        | Found a sacrificial altar of Ru.
     0 | D        | Found a bloodstained altar of Trog.
     0 | D        | Found a stormy altar of Qazlal.
     0 | D        | Found an iron altar of Okawaru.
     0 | D        | Found a sparkling altar of Nemelex Xobeh.
     0 | D        | Found a blossoming altar of Fedhas.
     1 | D        | Found the +6 Majin-Bo {vamp, MP+6 Int+6}
     1 | D        | Found the +9 heavy crossbow "Sniper" {vorpal, Acc+∞ SInv}
     1 | D        | Found the +10 dark maul {vorpal}
     1 | D        | Found the +15 Maxwell's patent armour {-Cast -Tele rElec
                  | MR+ rCorr}
     1 | D        | Found the +18 shield of the Gong {rElec rN+ MR+ EV-5}
     1 | D        | Found the cursed +14 obsidian axe {vorpal, +Fly SInv
                  | *Curse}
     1 | D        | Found the +7 great mace "Firestarter" {inner flame, rF++}
     1 | D        | Found the +6 shillelagh "Devastator" {shatter}
     1 | D        | Found the +11 plutonium sword {*Contam Stlth-}
     1 | D        | Found the +8 lance "Wyrmbane" {slay drac, rPois rF+ rC+
                  | AC+3}
     1 | D        | Found the +9 sword of Zonguldrok {reap}
     1 | D        | Found the cursed +13 scythe of Curses {drain, *Curse}
     1 | D        | Found the +0 sword of Power
     1 | D        | Found the +7 mace of Variability {chain chaos}
     1 | D        | Found the +7 Singing Sword {vorpal, sonic wave}
     1 | D        | Found the +8 storm bow {elec, penet}
     2 | D        | Found a transporter.
     2 | D        | Found an ancient bone altar of Kikubaaqudgha.
     2 | D        | Found a viscous altar of Jiyva.
     2 | D        | Found a corrupted altar of Lugonu.
     2 | D        | Found a hazy altar of Hepliaklqana.
     2 | D        | Found a burning altar of Makhleb.
     2 | D        | Found an opulent altar of Gozag.
    28 | D        | Became a worshipper of Elyvilon the Healer
    28 | D        | Reached * piety under Elyvilon
    28 | D        | Reached ** piety under Elyvilon
    69 | D        | Entered arena 2.
    69 | D        | Found a transporter.
    71 | D        | Reached skill level 1 in Armour
    71 | D        | Reached skill level 1 in Shields
    71 | D        | Reached skill level 1 in Invocations
    73 | D        | Reached XP level 2. HP: 28/28 MP: 1/3
    99 | D        | Entered arena 3.
    99 | D        | Noticed Sigmund
    99 | D        | Noticed Jessica
    99 | D        | Noticed Blork the orc
    99 | D        | Found a transporter.
   104 | D        | Killed Jessica
   104 | D        | Reached skill level 4 in Long Blades
   104 | D        | Reached XP level 3. HP: 32/34 MP: 3/5
   106 | D        | Killed Sigmund
   106 | D        | Reached skill level 6 in Long Blades
   106 | D        | Reached skill level 5 in Dodging
   106 | D        | Reached skill level 5 in Invocations
   106 | D        | Reached XP level 4. HP: 43/45 MP: 3/7
   106 | D        | Reached XP level 5. HP: 49/51 MP: 3/8
   108 | D        | Killed Blork the orc
   108 | D        | Reached skill level 7 in Long Blades
   108 | D        | Reached XP level 6. HP: 57/60 MP: 3/10
   171 | D        | Entered arena 4.
   171 | D        | Noticed a soldier ant
   171 | D        | Noticed a +4 halberd of flaming
   171 | D        | Noticed a +7 broad axe of freezing
   171 | D        | Noticed a +1 long sword of protection
   171 | D        | Found a transporter.
   174 | D        | Killed a +1 long sword of protection
   174 | D        | Reached skill level 9 in Long Blades
   174 | D        | Reached XP level 7. HP: 49/69 MP: 10/12
   178 | D        | Killed a +4 halberd of flaming
   178 | D        | Reached skill level 10 in Long Blades
   178 | D        | Reached skill level 10 in Shields
   178 | D        | Reached XP level 8. HP: 47/78 MP: 10/14
   178 | D        | Killed a +7 broad axe of freezing
   178 | D        | Gained mutation: You passively map the area around you.
                  | [Deep Dwarf growth]
   178 | D        | Reached XP level 9. HP: 52/86 MP: 10/16
   185 | D        | Entered arena 5.
   185 | D        | Found a transporter.
   191 | D        | Reached skill level 11 in Long Blades
   204 | D        | Entered arena 6.
   204 | D        | Noticed a brown ugly thing
   204 | D        | Noticed a purple ugly thing
   204 | D        | Found a transporter.
   205 | D        | Found the amulet of the Air {Inacc +Fly rElec EV+5 RMsl}
   207 | D        | Killed a purple ugly thing
   207 | D        | Reached skill level 10 in Invocations
   211 | D        | Killed a brown ugly thing
   217 | D        | Entered arena 7.
   218 | D        | Identified the +4 flail of Cugrubea {antimagic, rElec Int+4
                  | Dex-3 SInv}
   218 | D        | Found a transporter.
   235 | D        | Entered arena 8.
   235 | D        | Noticed a toenail golem
   235 | D        | Noticed a toenail golem
   235 | D        | Noticed a toenail golem
   235 | D        | Reached *** piety under Elyvilon
   236 | D        | Found a transporter.
   239 | D        | Killed a toenail golem
   239 | D        | Reached skill level 12 in Long Blades
   239 | D        | Reached XP level 10. HP: 87/96 MP: 15/17
   239 | D        | Killed a toenail golem
   240 | D        | Killed a toenail golem
   240 | D        | Reached skill level 10 in Dodging
   248 | D        | Entered arena 9.
   249 | D        | Found a transporter.
   266 | D        | Entered arena 10.
   267 | D        | Found a transporter.
   283 | D        | Reached skill level 13 in Long Blades
   293 | D        | Entered arena 11.
   293 | D        | Reached **** piety under Elyvilon
   294 | D        | Found a transporter.
   300 | D        | Reached skill level 10 in Armour
   310 | D        | Got the amulet "Puerya Myle" {RegenMP Int+3}
   314 | D        | Got the ring "Huiplegy" {AC+4 Int+6}
   324 | D        | Entered arena 12.
   324 | D        | Noticed a soul eater
   324 | D        | Noticed a soul eater
   325 | D        | Found the +3 hat of Pondering {ponderous, MR+ MP+10 Int+5}
   325 | D        | Noticed a soul eater
   325 | D        | Noticed a soul eater
   325 | D        | Noticed a soul eater
   327 | D        | Found a transporter.
   329 | D        | Killed a soul eater
   329 | D        | Killed a soul eater
   329 | D        | Reached XP level 11. HP: 93/105 MP: 16/18
   329 | D        | Killed a soul eater
   329 | D        | Killed a soul eater
   334 | D        | Killed a soul eater
   334 | D        | Reached skill level 14 in Long Blades
   382 | D        | Entered arena 13.
   382 | D        | Noticed a pearl dragon
   383 | D        | Noticed an ophan
   383 | D        | Noticed a daeva
   384 | D        | Found a transporter.
   394 | D        | Pacified a pearl dragon
   394 | D        | Reached skill level 15 in Shields
   396 | D        | Killed an ophan
   396 | D        | Reached skill level 10 in Fighting
   396 | D        | Was placed under penance by Elyvilon
   400 | D        | Killed a daeva
   400 | D        | Reached skill level 15 in Long Blades
   402 | D        | Killed a pearl dragon
   402 | D        | Fell from the grace of Elyvilon
   573 | D        | Entered arena 14.
   574 | D        | Noticed a deep elf mage
   574 | D        | Noticed a deep elf mage
   574 | D        | Noticed a deep elf master archer
   574 | D        | Noticed a deep elf sorcerer
   574 | D        | Noticed a deep elf archer
   574 | D        | Noticed a deep elf mage
   575 | D        | Noticed a deep elf mage
   575 | D        | Noticed a deep elf mage
   575 | D        | Noticed a deep elf blademaster
   575 | D        | Noticed a +2 glaive of venom
   575 | D        | Noticed a deep elf high priest
   575 | D        | Noticed a deep elf blademaster
   576 | D        | Found a transporter.
   578 | D        | Noticed a sixfirhy
   582 | D        | Killed a +2 glaive of venom
   582 | D        | Killed a deep elf sorcerer
   583 | D        | Killed a deep elf mage
   583 | D        | Killed a deep elf mage
   583 | D        | Reached XP level 12. HP: 95/118 MP: 19/19
   583 | D        | Reached skill level 16 in Long Blades
   584 | D        | Killed a deep elf high priest
   589 | D        | Killed a deep elf master archer
   599 | D        | Killed a deep elf blademaster
   600 | D        | Killed a deep elf blademaster
  1700 | D        | Entered arena 15.
  1701 | D        | Noticed an iron giant
  1706 | D        | Killed an iron giant
  1706 | D        | Reached skill level 15 in Dodging
  1709 | D        | Reached skill level 15 in Armour
  1717 | D        | Found a transporter.
  1733 | D        | Got the ring "Etopte" {+Fly Dex+5}
  1738 | D        | Entered arena 16.
  1739 | D        | Noticed a greater mummy
  1739 | D        | Noticed a greater mummy
  1739 | D        | Noticed a mummy priest
  1740 | D        | Noticed a greater mummy
  1740 | D        | Noticed an emperor scorpion
  1741 | D        | Noticed an emperor scorpion
  1741 | D        | Found a transporter.
  1744 | D        | HP: 6/126 [sixfirhy[a greater mummy] (1)]
  1744 | D        | Killed from afar by a mummy priest

Illustrated notes

Levels and vault maps discovered:
D:        sprint_v [room_start, room_1, room_2, room_3, room_4, room_5, room_6,
          room_7, room_8, room_9, room_10, room_11, room_12, room_13, room_14,
          room_15, room_16, room_17, room_18, room_19, room_20, room_21,
          room_22, room_23, room_24, room_25, room_26, room_27]

Skill      XL: |  1  2  3  4  5  6  7  8  9 10 11 12 |
---------------+-------------------------------------+-----
Armour         | 1 2 4 6 7 9 10 12 15 | 15.1
Shields        | 2 3 6 9 10 11 12 14 15 | 15.0
Invocations    | 2 5 7 8 9 10 12 13 | 13.5
Fighting       | 3 4 6 7 8 9 10 13 | 13.3
Long Blades    | 4 6 7 9 10 12 13 15 16 | 16.0
Dodging        | 4 5 7 8 9 10 12 15 | 15.4
Stealth        | |  2.4

Action                   |  1- 3 |  4- 6 |  7- 9 | 10-12 || total
-------------------------+-------+-------+-------+-------++-------
Melee: Double sword      |     8 |     4 |    28 |    80 ||   120
Invok: Greater Healing   |       |       |       |     2 ||     2
       Heal Other        |       |       |       |     1 ||     1
 Abil: Heal Wounds       |       |       |     1 |    16 ||    17
  Use: Potion            |       |       |       |     1 ||     1
 Stab: Distracted        |       |       |       |     1 ||     1
Armor: Plate armour      |     2 |     2 |     3 |    52 ||    59
Dodge: Dodged            |       |     1 |     1 |    27 ||    29
Block: Kite shield       |    12 |     2 |    34 |   185 ||   233
       Rpst.: Double sword |       |       |     1 |     8 ||     9

Table legend: (Time is in decaauts)
 A = Elapsed time spent in this place.
 B = Non-inter-level travel time spent in this place.
 C = Inter-level travel time spent in this place.
 D = Time resting spent in this place.
 E = Time spent auto-exploring this place.
 F = Levels seen in this place.
 G = Mean time per level.
                   A        B        C        D        E       F      G
               +--------+--------+--------+--------+--------+-----+--------+
         Total |   1733 |   1733 |      0 |   1279 |    107 |   1 | 1733.0 |
       Dungeon |   1733 |   1733 |      0 |   1279 |    107 |   1 | 1733.0 |
               +--------+--------+--------+--------+--------+-----+--------+

Top non-repeatable levels by time:
       D: 1733 daAuts
